 Dungeon Crawl Stone Soup version 0.27.1-1-g398f81649c (webtiles) character file.

Game seed: 12175257592640855905

203 Cykl0x the Covered (level 5, -1/46 HPs)
             Began as a Minotaur Fighter on Sept 22, 2021.
             Slain by a gnoll (11 damage)
             ... on level 2 of the Dungeon.
             The game lasted 00:02:51 (1867 turns).

Cykl0x the Covered (Minotaur Fighter)               Turns: 1867, Time: 00:02:52

Health: -1/46      AC:  7    Str: 22    XL:     5   Next: 51%
Magic:  4/4        EV:  8    Int:  5    God:
Gold:   13         SH:  9    Dex:  9    Spells: 4/4 levels left

rFire    . . .     SeeInvis .   a - +0 long sword
rCold    . . .     Faith    .   c - +0 kite shield
rNeg     . . .     Spirit   .   b - +0 scale mail
rPois    .         Reflect  .   (helmet restricted)
rElec    .         Harm     .   (no cloak)
rCorr    .         Rampage  .   (no gloves)
Will     .....                  (no boots)
Stlth    ..........             (no amulet)
HPRegen  0.15/turn              (no ring)
MPRegen  0.09/turn              (no ring)

@: no status effects
A: horns 2, retaliatory headbutt
a: no special abilities


You were on level 2 of the Dungeon.
You visited 1 branch of the dungeon, and saw 2 of its levels.

You collected 63 gold pieces.
You spent 50 gold pieces at shops.

Inventory:

Hand Weapons
 a - a +0 long sword (weapon)
 d - a +2 dagger of venom
Missiles
 e - 43 stones (quivered)
Armour
 b - a +0 scale mail (worn)
 c - a +0 kite shield (worn)
Potions
 g - a potion of lignification {unknown}
 h - 2 potions of flight {unknown}
 i - a potion of curing {unknown}
 k - a potion of ambrosia {unknown}


   Skills:
 + Level 4.2 Fighting
 + Level 4.5 Long Blades
 + Level 0.3 Throwing
 + Level 5.1 Armour
 + Level 1.1 Dodging
 + Level 4.4 Shields


You had 4 spell levels left.
You didn't know any spells.
Your spell library was empty.

Dungeon Overview and Level Annotations

Branches:
Dungeon (2/15)

Altars:

Shops:
D:2 *


Innate Abilities, Weirdness & Mutations

You have a pair of horns on your head.
You reflexively headbutt those who attack you in melee.


Message History

The gnoll is almost dead.
The gnoll hits you from afar with a +0 halberd!
The gnoll hits you from afar with a +0 halberd.
You block the gnoll's attack.
You closely miss the gnoll. Your headbutt misses the gnoll.
The gnoll is almost dead.
The gnoll hits you from afar with a +0 halberd.
The gnoll hits you with a +0 flail!
* * * LOW HITPOINT WARNING * * *
Unknown command.
You feel much better. You block the gnoll's attack.
You barely miss the gnoll.
The gnoll is almost dead.
The gnoll closely misses you.
You riposte.
You slash the gnoll!
You kill the gnoll!
You slash the gnoll!
The gnoll is almost dead.
The gnoll hits you with a +0 club. You block the gnoll's attack.
The gnoll barely misses you.
You riposte.
Your scale mail prevents you from hitting the gnoll.
You headbutt the gnoll.
You kill the gnoll!
The gnoll barely misses you.
Things that are here:
a +0 club; a +0 flail You hit the gnoll.
Your headbutt misses the gnoll.
The gnoll is moderately wounded.
You block the gnoll's attack.
You closely miss the gnoll.
The gnoll is moderately wounded.
The gnoll hits you with a +0 halberd!
* * * LOW HITPOINT WARNING * * *
You barely miss the gnoll.
The gnoll is lightly wounded.
You block the gnoll's attack. The gnoll hits you with a +0 halberd.
* * * LOW HITPOINT WARNING * * *
You slash the gnoll!
The gnoll is almost dead.
The gnoll hits you with a +0 halberd!
You die...

............. .......
.####''####.. .. ....
##........# .......
#......)...## .#...##
............## .......
.............####....#
..............##....# #
...............#.#..##.
...............#@#....
....#..#.......#g#..#
.....##........'.#..#
.....##........'.)..#
....#†.#.......#....######
...............#.#.......#
#
...............#.#.#.....#
.#
..............##...#.....#
..#
.............##....#...^.#
.>.#


You could see a gnoll.

Vanquished Creatures
  A jelly (D:1)
  Jessica (D:2)
  6 gnolls (D:2)
  An adder (D:2)
  2 worms (D:1)
  A dart slug (D:1)
  4 orcs (D:2)
  4 ball pythons
  4 bats (D:1)
  7 endoplasms
  4 giant cockroaches
  2 goblins (D:2)
  4 hobgoblins
  4 jackals (D:1)
  2 kobolds (D:1)
  8 quokkas
  3 frilled lizards (D:1)
  12 rats
70 creatures vanquished.

Notes
Turn   | Place    | Note
-------+----------+-------------------------------------------
     0 | D:1      | Cykl0x the Minotaur Fighter began the quest for the Orb.
     0 | D:1      | Reached XP level 1. HP: 19/19 MP: 0/0
     1 | D:1      | Found a runed translucent door.
     3 | D:1      | Noticed a jelly
   264 | D:1      | Reached XP level 2. HP: 26/27 MP: 1/1
   451 | D:1      | Reached skill level 4 in Armour
   896 | D:1      | Reached XP level 3. HP: 33/33 MP: 2/2
   913 | D:1      | Reached XP level 4. HP: 32/40 MP: 3/3
  1520 | D:2      | Noticed Jessica
  1544 | D:2      | Killed Jessica
  1545 | D:2      | Reached skill level 5 in Armour
  1545 | D:2      | Reached XP level 5. HP: 31/46 MP: 4/4
  1814 | D:2      | Found Weastir's General Store.
  1826 | D:2      | Bought a potion of heal wounds for 50 gold pieces
  1852 | D:2      | Reached skill level 1 in Dodging
  1867 | D:2      | Slain by a gnoll

Illustrated notes

Levels and vault maps discovered:
D:1:      dpeg_arrival_caged_fury, layout_basic
D:2:      kennysheep_big_flooded_room, layout_rooms, serial_shops,
          nicolae_shop_behind_doors, minmay_snake_closets, uniq_jessica

Skill      XL: |  1  2  3  4  5 |
---------------+----------------+-----
Armour         | 4 5 |  5.1
Long Blades    | 3 4 |  4.5
Shields        | 4 |  4.4
Fighting       | 4 |  4.2
Dodging        | 1 |  1.1
Throwing       | |  0.3

Action                   |  1- 3 |  4- 6 || total
-------------------------+-------+-------++-------
Melee: Long sword        |    66 |    85 ||   151
       Headbutt          |     9 |    11 ||    20
Throw: Stone             |     5 |    13 ||    18
  Use: Potion            |       |     3 ||     3
       Scroll            |       |     1 ||     1
Armor: Scale mail        |    25 |    29 ||    54
Dodge: Dodged            |    20 |    31 ||    51
Block: Kite shield       |    39 |    51 ||    90
       Rpst.: Long sword |     5 |     9 ||    14
